AoeStats
← julusss51

MegaRandom

510879216Analyzed
2v2 RM · 18h ago on Oct 2, 2026· 48m 45s· 4 players
Game mode
Random Map
Map size
Medium (4 player)
Population
200
Speed
Normal
Resources
Standard
Victory
Conquest
Starting age
Dark Age
Ending age
Imperial Age
RankedLock teamsTeams togetherTeam positionsShared explorationLock speedFull tech treeHidden civsTurbo modeCheats
Victory
Defeat
🇫🇷 Lithuanians · France
768
+13
🇺🇸 Hindustanis · United States
550
+22
🇮🇹 Byzantines · Italy
713
-18
🇮🇹 Romans · Italy
684
-17
sirmallius
11:02 Feudal Age
17:40 Castle Age
16:25 Double-Bit Axe
16:22 Man-at-Arms
17:10 Horse Collar
21:00 Bow Saw
21:27 Light Cavalry
22:48 Heavy Plow
22:49 Gold Mining
24:48 Bloodlines
26:08 Husbandry
27:11 Gold Shaft Mining
29:43 Pikeman
30:24 Squires
32:01 Scale Barding Armor
37:06 Imperial Age
37:42 Halberdier
38:42 Forging
38:39 Heavy Scorpion
40:38 Crop Rotation
41:25 Chemistry
Cuordipallone
12:54 Feudal Age
21:05 Castle Age
19:34 Gold Mining
20:36 Double-Bit Axe
23:47 Bow Saw
23:21 Horse Collar
23:35 Stone Mining
24:19 Elite Skirmisher
25:14 Forging
28:01 Wheelbarrow
29:53 Iron Casting
29:20 Scale Mail Armor
29:25 Scale Barding Armor
30:46 Fletching
30:57 Padded Archer Armor
34:28 Gold Shaft Mining
34:30 Stone Shaft Mining
35:14 Bodkin Arrow
35:35 Leather Archer Armor
35:36 Chain Mail Armor
36:34 Hand Cart
40:42 Imperial Age
38:38 Chain Barding Armor
42:22 Chemistry
41:46 Ballistics
41:41 Heavy Plow
42:45 Two-Man Saw
41:11 Elite Cataphract
43:06 Logistica
julusss51
0:39 Loom
12:48 Feudal Age
18:24 Castle Age
23:57 Horse Collar
25:29 Double-Bit Axe
31:06 Gold Mining
31:07 Stone Mining
33:05 Forging
33:00 Scale Barding Armor
33:01 Heavy Plow
34:53 Fervor
37:17 Imperial Age
35:28 Wheelbarrow
36:45 Iron Casting
36:31 Chain Barding Armor
37:58 Stone Shaft Mining
37:44 Husbandry
37:55 Bloodlines
37:40 Elite Leitis
38:41 Conscription
39:16 Plate Barding Armor
38:51 Fletching
NWI Nutball
13:08 Feudal Age
14:22 Double-Bit Axe
15:38 Wheelbarrow
16:40 Horse Collar
17:54 Man-at-Arms
18:20 Arson
22:34 Forging
23:55 Fletching
24:06 Scale Mail Armor
24:07 Padded Archer Armor
24:37 Gold Mining
24:46 Stone Mining
29:17 Castle Age
27:40 Scale Barding Armor
30:41 Squires
30:02 Long Swordsman
30:04 Pikeman
31:44 Thumb Ring
31:02 Crossbowman
32:00 Heavy Plow
33:57 Hand Cart
35:33 Gold Shaft Mining
35:34 Stone Shaft Mining
35:51 Bow Saw
35:36 Loom
38:24 Murder Holes
38:46 Fortified Wall
41:44 Grand Trunk Road
42:45 Elite Skirmisher
45:45 Chain Mail Armor
Connection lost

Rejoining the realm…

Still unreachable

The connection could not be restored.

Session expired

The server has moved on; the page needs a fresh start.